 Dungeon Crawl Stone Soup version 0.27-a0-1184-ge86db4a01e (webtiles) character file.

Game seed: 10977174190397353819

134 Vomitron the Ruffian (level 4, -6/45 HPs)
             Began as a Troll Monk on May 18, 2021.
             Mangled by Blork the orc
             ... wielding a +3 battleaxe
              (8 damage)
             ... on level 4 of the Dungeon.
             The game lasted 00:02:27 (2304 turns).

Vomitron the Ruffian (Troll Monk)                   Turns: 2304, Time: 00:02:27

Health: -6/45      AC:  4    Str: 19    XL:     4   Next: 95%
Magic:  3/3        EV: 10    Int:  6    God:
Gold:   117        SH:  0    Dex: 13    Spells: 3/3 levels left

rFire    . . .     SeeInvis .     - Unarmed
rCold    . . .     Faith    .   (no shield)
rNeg     . . .     Spirit   .   i - +0 animal skin
rPois    .         Reflect  .   (helmet restricted)
rElec    .         Harm     .   (no cloak)
rCorr    .         Rampage  .   (gloves unavailable)
Will     .....                  (boots unavailable)
Stlth    ++........             (no amulet)
HPRegen  1.15/turn              (no ring)
MPRegen  0.08/turn              (no ring)

@: no status effects
A: large, unfitting armour, claws 3, regeneration 1, shaggy fur 1, tough skin 1
a: no special abilities


You were on level 4 of the Dungeon.
You visited 1 branch of the dungeon, and saw 4 of its levels.

You collected 117 gold pieces.

Inventory:

Missiles
 b - 35 poisoned darts (quivered)
Armour
 a - a +0 robe
 i - a +0 animal skin (worn)
Jewellery
 f - an amulet of regeneration
 g - an amulet of the acrobat
Scrolls
 c - a scroll of teleportation
 e - a scroll of fog
 k - a scroll of brand weapon
Potions
 d - a potion of heal wounds
 j - a potion of invisibility


   Skills:
 * Level 3.4 Fighting
 + Level 3.0 Dodging
 - Level 1.0 Stealth
 * Level 4.3 Unarmed Combat


You had 3 spell levels left.
You didn't know any spells.
Your spell library contained the following spells:

 Spells                   Type           Power      Damage    Failure   Level
 Animate Skeleton         Necr           0%         N/A       45%         1
 Pain                     Necr           0%         1d4       45%         1
 Vampiric Draining        Necr           0%         2d6       83%         3
 Animate Dead             Necr           0%         N/A       99%         4
 Agony                    Necr           0%         N/A       100%        5


Dungeon Overview and Level Annotations

Branches:
Dungeon (4/15)
 Temple: D:4-7

Altars:
Fedhas

Annotations:
D:3 2 transporters
D:4 Blork the orc


Innate Abilities, Weirdness & Mutations

You are too large for most types of armour.
You have claws for hands.
Your natural rate of healing is unusually fast.
You are covered in fur. (AC +1)
You have tough skin. (AC +1)


Message History

As you read the scroll labelled TAALIY RITRE, it crumbles to dust.
It is a scroll of brand weapon.
You aren't carrying any weapons that can be branded.
There is an escape hatch in the floor here.
Blork the orc comes into view.
He is wielding a +3 battleaxe.
Blork the orc shouts!
Found a scroll of identify.
Blork the orc curses repeatedly.
Blork the orc closely misses you.
You scratch Blork the orc.
Blork the orc is lightly wounded.
Blork the orc closely misses you.
You scratch Blork the orc but do no damage.
Blork the orc is lightly wounded.
Blork the orc hits you with a +3 battleaxe!
You claw Blork the orc!
Blork the orc is heavily wounded.
Blork the orc casts a spell.
Blork the orc seems to speed up.
You scratch Blork the orc but do no damage.
Blork the orc is heavily wounded.
Blork the orc hits you with a +3 battleaxe!
You scratch Blork the orc.
Blork the orc is heavily wounded.
Blork the orc points at you and mumbles some strange words.
The puff of frost hits you!
You scratch Blork the orc.
Blork the orc is severely wounded.
Blork the orc hits you with a +3 battleaxe!
* * * LOW HITPOINT WARNING * * *
Blork the orc hits you but does no damage.
You claw Blork the orc!
Blork the orc is almost dead.
Blork the orc gestures at you while chanting.
The magic dart hits you.
* * * LOW HITPOINT WARNING * * *
You scratch Blork the orc.
Blork the orc is almost dead.
Blork the orc hits you with a +3 battleaxe!
You die...

#. #######.
........######
#............#
.........###.#
.....###.#§§§#
.......#.###§#
.........§§§§#
...?...@.###§#
######o### #§#
#. #.# #. #.#
#. #.# #. #.#
#. #.# #.


You could see Blork the orc (fast).

Vanquished Creatures
  A howler monkey zombie (D:3)
  Robin (D:2)
  3 adders
  2 worms
  A dart slug (D:2)
  8 endoplasms
  2 giant cockroaches
  10 hobgoblins
  4 jackals
  6 kobolds
  2 quokkas
  7 ball pythons
  3 bats
  4 frilled lizards
  13 goblins
  5 rats
72 creatures vanquished.

Notes
Turn   | Place    | Note
-------+----------+-------------------------------------------
     0 | D:1      | Vomitron the Troll Monk began the quest for the Orb.
     0 | D:1      | Reached XP level 1. HP: 22/22 MP: 0/0
   196 | D:1      | Reached XP level 2. HP: 29/29 MP: 1/1
   494 | D:1      | Reached XP level 3. HP: 36/36 MP: 2/2
  1474 | D:2      | Noticed Robin
  1493 | D:2      | Killed Robin
  1494 | D:2      | Reached XP level 4. HP: 29/45 MP: 3/3
  1510 | D:2      | Reached skill level 4 in Unarmed Combat
  1628 | D:3      | Found a transporter.
  1710 | D:3      | Found a blossoming altar of Fedhas.
  1885 | D:3      | Found a transporter.
  2292 | D:4      | Noticed Blork the orc
  2303 | D:4      | HP: 1/45 [Blork the orc/magic dart (4)]
  2304 | D:4      | Mangled by Blork the orc

Illustrated notes

Levels and vault maps discovered:
D:1:      shiori_shiawase, layout_basic, corexii_leaking_fountain,
          minmay_domino_4
D:2:      layout_basic, minmay_misc_feat_four_crosses, uniq_robin
D:3:      gammafunk_wand_slinger, layout_loops_ring, overflow_temple_1_default
D:4:      layout_basic, nicolae_overflow_hidden_temple, uniq_pikel,
          uniq_blork_the_orc

Skill      XL: |  1  2  3  4 |
---------------+-------------+-----
Fighting       | 3 |  3.4
Unarmed Combat | 4 |  4.3
Dodging        | 3 |  3.0
Stealth        | |  1.0

Action                   |  1- 3 |  4- 6 || total
-------------------------+-------+-------++-------
Melee: Unarmed           |   114 |    68 ||   182
       Punch             |     1 |       ||     1
  Use: Scroll            |       |     5 ||     5
 Stab: Sleeping          |     2 |     2 ||     4
Armor: Robe              |    38 |     5 ||    43
       Animal skin       |       |     8 ||     8
Dodge: Dodged            |    54 |    21 ||    75

Table legend: (Time is in decaauts)
 A = Elapsed time spent in this place.
 B = Non-inter-level travel time spent in this place.
 C = Inter-level travel time spent in this place.
 D = Time resting spent in this place.
 E = Time spent auto-exploring this place.
 F = Levels seen in this place.
 G = Mean time per level.
                   A        B        C        D        E       F      G
               +--------+--------+--------+--------+--------+-----+--------+
         Total |   2290 |   2141 |    149 |      0 |   1735 |   4 |  572.5 |
       Dungeon |   2290 |   2141 |    149 |      0 |   1735 |   4 |  572.5 |
               +--------+--------+--------+--------+--------+-----+--------+

Top non-repeatable levels by time:
     D:1: 981 daAuts
     D:3: 649 daAuts
     D:2: 633 daAuts
     D:4: 26 daAuts
